Canadiens vs Capitals

Created - February 17, 2024 at 22:11

Goals
1 2 3 T
Canadiens 0 1 2 3
Capitals 1 1 0 2
Shots
1 2 3 T
Canadiens 6 10 11 27
Capitals 9 6 11 26

GoalsPenalties
1st period
1. Capitals , Kevin Labanc 11 (Pavel Zacha 17, Calen Addison 3) at 10:29
Ben Hutton (WSH) for Fighting (Major) at 7:51
Trevor van Riemsdyk (MTL) for Fighting (Major) at 7:51
2nd period
2. Capitals , Cody Ceci 5 (Tyler Johnson 10, Kaapo Kakko 16) at 4:47 (PP)
3. Canadiens , Artturi Lehkonen 12 (Ivan Provorov 18) at 17:25
Artturi Lehkonen (MTL) for Roughing (Double Minor) at 0:53
Cody Ceci (WSH) for Hooking (Minor) at 19:16
Artturi Lehkonen (MTL) for Roughing (Minor) at 19:16
3rd period
4. Canadiens , Ryan O'Reilly 15 (Ivan Provorov 19) at 4:18
5. Canadiens , Lars Eller 11 (Alexander Kerfoot 14) at 19:45
No Penalty
Goalie Stats
Kaapo Kahkonen (MTL), 24 saves from 26 shots - (0.923), W, 19-6-8, 60:00 minutes
Petr Mrazek (WSH), 24 saves from 27 shots - (0.889), L, 1-1-0, 60:00 minutes
3 StarsOfficial
1 - Ivan Provorov (MTL)
2 - Lars Eller (MTL)
3 - Ryan O'Reilly (MTL)
Referees : Garrett Rank and Sean MacFarlane
Linesman : Andrew Smith and Shaun Morgan
Game Note
Elias Pettersson is injured at 4:38 of 1st period (Bruised Left Shoulder)
Ben Hutton and Trevor van Riemsdyk fight to a draw at 7:51 of 1st period
Finance
Level 1 -- Attendance: 2521 (38.78%) -- Ticket Income $630,250
Level 2 -- Attendance: 1702 (34.04%) -- Ticket Income $340,400
Level 3 -- Attendance: 1048 (29.94%) -- Ticket Income $183,400
Level 4 -- Attendance: 761 (30.37%) -- Ticket Income $114,150
Luxury Box -- Attendance: 470 (47.00%) -- Ticket Income $188,000
Game was played at the Verizon Center.
Total Attendance: 6502 (35.13%)
Total Ticket Income: $1,456,200
Other Income: $364,050
Total Income: $1,820,250



Team Name Goals Shots Shots Attemp Shots Blocked PIM HIT PP PK FO%
Canadiens 32757811210 / 0 (0.00%153%
Capitals 2265477281 / 2 (50%)047%

Canadiens
Player Name POS G A P +/- PIM HIT SHT SB MP PP MP PP SHT PK MP PK SHT FO% FOT
Alex GoligoskiD0001021118:590:0001:5400% 0
Alexander KerfootC0111002116:240:0002:33050% 6
Anthony ManthaRW000000107:550:0000:0000% 2
Artturi LehkonenLW1010632016:200:0000:000100% 1
Brendan GallagherRW000000007:550:0000:0000% 0
Brendan GaunceC000002007:550:0000:00079% 14
Daniel SprongRW0001001013:370:0000:0000% 1
Filip ForsbergLW0001043017:400:0000:000100% 1
Ivan ProvorovD0221000324:450:0002:0000% 0
Jaccob SlavinD0002041125:420:0002:0000% 0
Lars EllerC1011002214:580:0001:21047% 17
Leon DraisaitlC0000012016:400:0000:00050% 22
Pavel DorofeyevLW0000020016:080:0000:0000% 1
Pierre-Olivier JosephD000-1002014:080:0000:0000% 0
Ryan O'ReillyC1011005019:250:0001:31050% 24
Ryan SuterD0001011022:300:0001:5400% 0
Trevor van RiemsdykD0000520013:550:0000:0000% 0
Valeri NichushkinRW0001004019:080:0002:230100% 1
Capitals
Player Name POS G A P +/- PIM HIT SHT SB MP PP MP PP SHT PK MP PK SHT FO% FOT
Alex ChiassonRW0000023012:050:0000:0000% 0
Alex NylanderLW000-2030020:312:0500:0000% 0
Ben HuttonD000-2501119:502:0510:0000% 0
Brad HuntD0000011126:111:4910:0000% 0
Calen AddisonD0110012013:500:0000:0000% 0
Christian FischerRW000000002:540:0000:0000% 0
Cody CeciD1010221325:251:4910:0000% 0
Elias PetterssonC000000101:120:0000:00033% 3
Jonas SiegenthalerD000-1040221:032:0500:0000% 0
Kaapo KakkoRW0110003022:391:4900:0000% 2
Kevin LabancRW101-2023021:212:0500:0000% 1
Matias MaccelliLW0000012026:291:4900:0000% 2
Michael RasmussenC0000031012:070:0000:00042% 19
Morgan FrostC0000000012:020:0000:0000% 0
Pavel ZachaC011-2005020:232:0500:00043% 28
Quinton ByfieldC0000043024:451:2800:00059% 32
Samuel BolducD000-1040013:390:0000:0000% 0
Tyler JohnsonC011001001:330:2100:00067% 3



Play-by-Play

1st period


0:01 of 1st period - Leon Draisaitl wins face-off versus Elias Pettersson in neutral zone.
1:03 of 1st period - Shot by Pavel Zacha.
1:03 of 1st period - Stopped by Kaapo Kahkonen without a rebound.
1:04 of 1st period - Michael Rasmussen wins face-off versus Lars Eller in Canadiens zone.
1:33 of 1st period - Shot by Daniel Sprong.
1:33 of 1st period - Shot Misses the Net.
1:35 of 1st period - Shot by Lars Eller.
1:35 of 1st period - Deflect By Daniel Sprong.
1:35 of 1st period - Shot Misses the Net.
2:20 of 1st period - Icing by Jonas Siegenthaler.
2:21 of 1st period - Pavel Zacha wins face-off versus Ryan O'Reilly in Capitals zone.
2:33 of 1st period - Shot by Pavel Zacha.
2:33 of 1st period - Stopped by Kaapo Kahkonen without a rebound.
2:34 of 1st period - Quinton Byfield wins face-off versus Brendan Gaunce in Canadiens zone.
2:38 of 1st period - Icing by Anthony Mantha.
2:39 of 1st period - Brendan Gaunce wins face-off versus Elias Pettersson in Canadiens zone.
3:00 of 1st period - Shot by Elias Pettersson.
3:00 of 1st period - Stopped by Kaapo Kahkonen without a rebound.
3:01 of 1st period - Pavel Zacha wins face-off versus Ryan O'Reilly in Canadiens zone.
3:01 of 1st period - Kevin Labanc is hit by Ryan Suter and loses puck.
3:31 of 1st period - Ryan O'Reilly is hit by Alex Nylander and loses puck.
3:53 of 1st period - Icing by Jonas Siegenthaler.
3:54 of 1st period - Leon Draisaitl wins face-off versus Pavel Zacha in Capitals zone.
4:10 of 1st period - Shot by Ivan Provorov.
4:10 of 1st period - Shot Misses the Net.
4:34 of 1st period - Shot by Leon Draisaitl.
4:34 of 1st period - Shot Blocked by Ben Hutton.
4:36 of 1st period - Shot by Artturi Lehkonen.
4:36 of 1st period - Stopped by Petr Mrazek without a rebound.
4:37 of 1st period - Elias Pettersson wins face-off versus Anthony Mantha in Capitals zone.
4:37 of 1st period - Elias Pettersson is hit by Brendan Gaunce.
4:38 of 1st period - Elias Pettersson from Capitals is injured at 4:38 of 1st period (Bruised Left Shoulder).
4:39 of 1st period - Brendan Gaunce wins face-off versus Quinton Byfield in Capitals zone.
4:49 of 1st period - Brendan Gallagher is hit by Brad Hunt and loses puck.
4:53 of 1st period - Icing by Brad Hunt.
4:54 of 1st period - Ryan O'Reilly wins face-off versus Quinton Byfield in Capitals zone.
5:45 of 1st period - Filip Forsberg is hit by Samuel Bolduc and loses puck.
5:56 of 1st period - Shot by Michael Rasmussen.
5:56 of 1st period - Stopped by Kaapo Kahkonen without a rebound.
5:57 of 1st period - Michael Rasmussen wins face-off versus Lars Eller in Canadiens zone.
6:00 of 1st period - Shot by Morgan Frost.
6:00 of 1st period - Shot Misses the Net.
6:44 of 1st period - Shot by Pavel Zacha.
6:44 of 1st period - Shot Misses the Net.
6:49 of 1st period - Off-side.
6:50 of 1st period - Quinton Byfield wins face-off versus Leon Draisaitl in neutral zone.
7:38 of 1st period - Icing by Trevor van Riemsdyk.
7:39 of 1st period - Pavel Zacha wins face-off versus Leon Draisaitl in Canadiens zone.
7:39 of 1st period - Ben Hutton is hit by Trevor van Riemsdyk and loses puck.
7:51 of 1st period - Ben Hutton and Trevor van Riemsdyk fight to a draw.
7:51 of 1st period - Penalty to Ben Hutton for Fighting.
7:51 of 1st period - Penalty to Trevor van Riemsdyk for Fighting.
7:52 of 1st period - Michael Rasmussen wins face-off versus Brendan Gaunce in Canadiens zone.
7:52 of 1st period - Michael Rasmussen is hit by Jaccob Slavin.
8:27 of 1st period - Icing by Samuel Bolduc.
8:28 of 1st period - Michael Rasmussen wins face-off versus Ryan O'Reilly in Capitals zone.
8:28 of 1st period - Michael Rasmussen is hit by Filip Forsberg.
8:45 of 1st period - Shot by Filip Forsberg.
8:45 of 1st period - Shot Misses the Net.
8:47 of 1st period - Shot by Valeri Nichushkin.
8:47 of 1st period - Stopped by Petr Mrazek without a rebound.
8:48 of 1st period - Lars Eller wins face-off versus Quinton Byfield in Capitals zone.
8:53 of 1st period - Shot by Alexander Kerfoot.
8:53 of 1st period - Stopped by Petr Mrazek without a rebound.
8:54 of 1st period - Lars Eller wins face-off versus Quinton Byfield in Capitals zone.
8:54 of 1st period - Lars Eller is hit by Cody Ceci.
8:56 of 1st period - Shot by Alexander Kerfoot.
8:56 of 1st period - Shot Blocked by Cody Ceci.
8:58 of 1st period - Shot by Lars Eller.
8:58 of 1st period - Shot Misses the Net.
9:00 of 1st period - Shot by Jaccob Slavin.
9:00 of 1st period - Shot Misses the Net.
9:59 of 1st period - Brad Hunt is hit by Filip Forsberg and loses puck.
10:09 of 1st period - Off-side.
10:10 of 1st period - Leon Draisaitl wins face-off versus Kevin Labanc in neutral zone.
10:29 of 1st period - Shot by Kevin Labanc.
10:29 of 1st period - Goal by Kevin Labanc - Canadiens : 0 - Capitals : 1.
10:30 of 1st period - Brendan Gaunce wins face-off versus Michael Rasmussen in neutral zone.
11:09 of 1st period - Shot by Alex Chiasson.
11:09 of 1st period - Stopped by Kaapo Kahkonen with a rebound.
11:22 of 1st period - Icing by Jaccob Slavin.
11:23 of 1st period - Pavel Zacha wins face-off versus Brendan Gaunce in Canadiens zone.
11:26 of 1st period - Shot by Alex Nylander.
11:26 of 1st period - Shot Misses the Net.
11:33 of 1st period - Jaccob Slavin is hit by Kevin Labanc and loses puck.
11:48 of 1st period - Shot by Valeri Nichushkin.
11:48 of 1st period - Deflect By Filip Forsberg.
11:48 of 1st period - Shot Blocked by Jonas Siegenthaler.
12:20 of 1st period - Shot by Ryan O'Reilly.
12:20 of 1st period - Shot Misses the Net.
12:22 of 1st period - Shot by Ryan Suter.
12:22 of 1st period - Shot Blocked by Jonas Siegenthaler.
12:26 of 1st period - Shot by Filip Forsberg.
12:26 of 1st period - Deflect By Ryan O'Reilly.
12:26 of 1st period - Stopped by Petr Mrazek without a rebound.
12:27 of 1st period - Leon Draisaitl wins face-off versus Quinton Byfield in Capitals zone.
13:09 of 1st period - Cody Ceci is hit by Pavel Dorofeyev and loses puck.
13:37 of 1st period - Shot by Morgan Frost.
13:37 of 1st period - Shot Blocked by Alexander Kerfoot.
13:39 of 1st period - Shot by Alex Chiasson.
13:39 of 1st period - Stopped by Kaapo Kahkonen without a rebound.
13:40 of 1st period - Valeri Nichushkin wins face-off versus Michael Rasmussen in Canadiens zone.
13:42 of 1st period - Icing by Ryan O'Reilly.
13:43 of 1st period - Pavel Zacha wins face-off versus Ryan O'Reilly in Canadiens zone.
13:56 of 1st period - Alex Nylander is hit by Jaccob Slavin and loses puck.
14:03 of 1st period - Shot by Pavel Zacha.
14:03 of 1st period - Stopped by Kaapo Kahkonen without a rebound.
14:04 of 1st period - Michael Rasmussen wins face-off versus Leon Draisaitl in Canadiens zone.
14:04 of 1st period - Jonas Siegenthaler is hit by Trevor van Riemsdyk and loses puck.
14:24 of 1st period - Shot by Alex Chiasson.
14:24 of 1st period - Stopped by Kaapo Kahkonen without a rebound.
14:25 of 1st period - Ryan O'Reilly wins face-off versus Quinton Byfield in Canadiens zone.
14:46 of 1st period - Shot by Valeri Nichushkin.
14:46 of 1st period - Shot Misses the Net.
15:04 of 1st period - Matias Maccelli is hit by Jaccob Slavin and loses puck.
16:11 of 1st period - Leon Draisaitl is hit by Jonas Siegenthaler and loses puck.
16:47 of 1st period - Trevor van Riemsdyk is hit by Alex Chiasson and loses puck.
16:52 of 1st period - Shot by Lars Eller.
16:52 of 1st period - Stopped by Petr Mrazek without a rebound.
16:53 of 1st period - Brendan Gaunce wins face-off versus Kaapo Kakko in Capitals zone.
17:05 of 1st period - Icing by Brad Hunt.
17:06 of 1st period - Quinton Byfield wins face-off versus Lars Eller in Capitals zone.
17:28 of 1st period - Shot by Daniel Sprong.
17:28 of 1st period - Shot Misses the Net.
17:44 of 1st period - Shot by Daniel Sprong.
17:44 of 1st period - Shot Misses the Net.
17:59 of 1st period - Shot by Leon Draisaitl.
17:59 of 1st period - Shot Misses the Net.
18:22 of 1st period - Shot by Leon Draisaitl.
18:22 of 1st period - Shot Blocked by Brad Hunt.
19:06 of 1st period - Shot by Valeri Nichushkin.
19:06 of 1st period - Stopped by Petr Mrazek without a rebound.
19:07 of 1st period - Brendan Gaunce wins face-off versus Pavel Zacha in Capitals zone.
19:27 of 1st period - Off-side.
19:28 of 1st period - Michael Rasmussen wins face-off versus Lars Eller in neutral zone.
Goals for this period are 0 for Canadiens vs 1 for Capitals.
Shots for this period are 6 for Canadiens vs 9 for Capitals.

2nd period


0:01 of 2nd period - Quinton Byfield wins face-off versus Ryan O'Reilly in neutral zone.
0:18 of 2nd period - Shot by Ryan O'Reilly.
0:18 of 2nd period - Shot Blocked by Cody Ceci.
0:30 of 2nd period - Shot by Matias Maccelli.
0:30 of 2nd period - Stopped by Kaapo Kahkonen with a rebound.
0:51 of 2nd period - Icing by Quinton Byfield.
0:52 of 2nd period - Quinton Byfield wins face-off versus Leon Draisaitl in Capitals zone.
0:52 of 2nd period - Kaapo Kakko is hit by Leon Draisaitl and loses puck.
0:53 of 2nd period - Double Minor Penalty to Artturi Lehkonen for Roughing.
0:54 of 2nd period - Alexander Kerfoot wins face-off versus Pavel Zacha in Canadiens zone.
1:13 of 2nd period - Icing by Pavel Zacha.
1:14 of 2nd period - Alexander Kerfoot wins face-off versus Pavel Zacha in Capitals zone.
1:36 of 2nd period - Shot by Ben Hutton.
1:36 of 2nd period - Stopped by Kaapo Kahkonen without a rebound.
1:37 of 2nd period - Alexander Kerfoot wins face-off versus Kaapo Kakko in Canadiens zone.
1:43 of 2nd period - Icing by Quinton Byfield.
1:44 of 2nd period - Quinton Byfield wins face-off versus Alexander Kerfoot in Capitals zone.
2:04 of 2nd period - Shot by Brad Hunt.
2:04 of 2nd period - Shot Misses the Net.
2:57 of 2nd period - Icing by Pavel Zacha.
2:58 of 2nd period - Pavel Zacha wins face-off versus Alexander Kerfoot in Capitals zone.
3:02 of 2nd period - Off-side.
3:03 of 2nd period - Quinton Byfield wins face-off versus Alexander Kerfoot in neutral zone.
3:30 of 2nd period - Shot by Brad Hunt.
3:30 of 2nd period - Stopped by Kaapo Kahkonen with a rebound.
3:46 of 2nd period - Shot by Jonas Siegenthaler.
3:46 of 2nd period - Shot Blocked by Alex Goligoski.
4:36 of 2nd period - Ivan Provorov is hit by Tyler Johnson and loses puck.
4:47 of 2nd period - Shot by Cody Ceci.
4:47 of 2nd period - Goal by Cody Ceci - Canadiens : 0 - Capitals : 2.
4:48 of 2nd period - Artturi Lehkonen wins face-off versus Michael Rasmussen in neutral zone.
5:13 of 2nd period - Artturi Lehkonen is hit by Samuel Bolduc and loses puck.
5:24 of 2nd period - Leon Draisaitl is hit by Calen Addison and loses puck.
5:47 of 2nd period - Calen Addison is hit by Pavel Dorofeyev and loses puck.
6:08 of 2nd period - Shot by Brendan Gallagher.
6:08 of 2nd period - Shot Misses the Net.
6:17 of 2nd period - Off-side.
6:18 of 2nd period - Quinton Byfield wins face-off versus Daniel Sprong in neutral zone.
7:09 of 2nd period - Icing by Alex Goligoski.
7:10 of 2nd period - Lars Eller wins face-off versus Pavel Zacha in Canadiens zone.
7:32 of 2nd period - Icing by Ben Hutton.
7:33 of 2nd period - Pavel Zacha wins face-off versus Leon Draisaitl in Capitals zone.
7:38 of 2nd period - Artturi Lehkonen is hit by Alex Nylander.
7:44 of 2nd period - Pavel Zacha is hit by Artturi Lehkonen and loses puck.
7:58 of 2nd period - Icing by Jonas Siegenthaler.
7:59 of 2nd period - Pavel Zacha wins face-off versus Ryan O'Reilly in Capitals zone.
8:34 of 2nd period - Shot by Valeri Nichushkin.
8:34 of 2nd period - Stopped by Petr Mrazek without a rebound.
8:35 of 2nd period - Quinton Byfield wins face-off versus Leon Draisaitl in Capitals zone.
8:35 of 2nd period - Cody Ceci is hit by Artturi Lehkonen and loses puck.
9:00 of 2nd period - Shot by Kaapo Kakko.
9:00 of 2nd period - Shot Blocked by Ivan Provorov.
9:15 of 2nd period - Leon Draisaitl is hit by Cody Ceci and loses puck.
9:31 of 2nd period - Icing by Cody Ceci.
9:32 of 2nd period - Ryan O'Reilly wins face-off versus Quinton Byfield in Capitals zone.
10:31 of 2nd period - Icing by Pierre-Olivier Joseph.
10:32 of 2nd period - Pavel Zacha wins face-off versus Lars Eller in Canadiens zone.
10:56 of 2nd period - Icing by Daniel Sprong.
10:57 of 2nd period - Michael Rasmussen wins face-off versus Lars Eller in Canadiens zone.
11:00 of 2nd period - Shot by Michael Rasmussen.
11:00 of 2nd period - Deflect By Morgan Frost.
11:00 of 2nd period - Shot Misses the Net.
11:02 of 2nd period - Shot by Michael Rasmussen.
11:02 of 2nd period - Shot Misses the Net.
11:04 of 2nd period - Shot by Michael Rasmussen.
11:04 of 2nd period - Shot Misses the Net.
11:06 of 2nd period - Shot by Morgan Frost.
11:06 of 2nd period - Shot Blocked by Lars Eller.
11:08 of 2nd period - Shot by Michael Rasmussen.
11:08 of 2nd period - Shot Misses the Net.
11:18 of 2nd period - Shot by Morgan Frost.
11:18 of 2nd period - Shot Misses the Net.
11:20 of 2nd period - Shot by Calen Addison.
11:20 of 2nd period - Stopped by Kaapo Kahkonen without a rebound.
11:21 of 2nd period - Brendan Gaunce wins face-off versus Pavel Zacha in Canadiens zone.
12:06 of 2nd period - Off-side.
12:07 of 2nd period - Ryan O'Reilly wins face-off versus Michael Rasmussen in neutral zone.
12:07 of 2nd period - Ryan O'Reilly is hit by Michael Rasmussen.
12:25 of 2nd period - Ryan Suter is hit by Samuel Bolduc and loses puck.
12:36 of 2nd period - Shot by Valeri Nichushkin.
12:36 of 2nd period - Shot Misses the Net.
12:38 of 2nd period - Shot by Alex Goligoski.
12:38 of 2nd period - Stopped by Petr Mrazek without a rebound.
12:39 of 2nd period - Leon Draisaitl wins face-off versus Quinton Byfield in Capitals zone.
13:02 of 2nd period - Shot by Quinton Byfield.
13:02 of 2nd period - Deflect By Kaapo Kakko.
13:02 of 2nd period - Stopped by Kaapo Kahkonen without a rebound.
13:03 of 2nd period - Lars Eller wins face-off versus Pavel Zacha in Canadiens zone.
13:03 of 2nd period - Lars Eller is hit by Alex Nylander.
13:26 of 2nd period - Shot by Pavel Zacha.
13:26 of 2nd period - Shot Misses the Net.
14:16 of 2nd period - Shot by Leon Draisaitl.
14:16 of 2nd period - Shot Misses the Net.
14:39 of 2nd period - Kaapo Kakko is hit by Alex Goligoski and loses puck.
14:58 of 2nd period - Shot by Filip Forsberg.
14:58 of 2nd period - Stopped by Petr Mrazek with a rebound.
15:04 of 2nd period - Shot by Ryan O'Reilly.
15:04 of 2nd period - Shot Misses the Net.
15:16 of 2nd period - Shot by Filip Forsberg.
15:16 of 2nd period - Shot Blocked by Cody Ceci.
15:18 of 2nd period - Shot by Filip Forsberg.
15:18 of 2nd period - Shot Misses the Net.
15:20 of 2nd period - Shot by Ryan O'Reilly.
15:20 of 2nd period - Shot Hit the Post.
15:22 of 2nd period - Shot by Pierre-Olivier Joseph.
15:22 of 2nd period - Stopped by Petr Mrazek with a rebound.
15:24 of 2nd period - Shot by Pierre-Olivier Joseph.
15:24 of 2nd period - Shot Misses the Net.
15:26 of 2nd period - Shot by Trevor van Riemsdyk.
15:26 of 2nd period - Shot Misses the Net.
15:28 of 2nd period - Shot by Filip Forsberg.
15:28 of 2nd period - Stopped by Petr Mrazek without a rebound.
15:29 of 2nd period - Brendan Gaunce wins face-off versus Michael Rasmussen in Capitals zone.
15:45 of 2nd period - Shot by Jaccob Slavin.
15:45 of 2nd period - Stopped by Petr Mrazek without a rebound.
15:46 of 2nd period - Pavel Zacha wins face-off versus Lars Eller in Capitals zone.
16:04 of 2nd period - Lars Eller is hit by Jonas Siegenthaler and loses puck.
16:07 of 2nd period - Shot by Daniel Sprong.
16:07 of 2nd period - Stopped by Petr Mrazek without a rebound.
16:08 of 2nd period - Ryan O'Reilly wins face-off versus Michael Rasmussen in Capitals zone.
16:16 of 2nd period - Shot by Ryan O'Reilly.
16:16 of 2nd period - Stopped by Petr Mrazek without a rebound.
16:17 of 2nd period - Filip Forsberg wins face-off versus Pavel Zacha in Capitals zone.
16:17 of 2nd period - Ryan O'Reilly is hit by Jonas Siegenthaler.
17:09 of 2nd period - Icing by Jonas Siegenthaler.
17:10 of 2nd period - Leon Draisaitl wins face-off versus Pavel Zacha in Capitals zone.
17:25 of 2nd period - Shot by Artturi Lehkonen.
17:25 of 2nd period - Goal by Artturi Lehkonen - Canadiens : 1 - Capitals : 2.
17:26 of 2nd period - Brendan Gaunce wins face-off versus Quinton Byfield in neutral zone.
17:57 of 2nd period - Icing by Brad Hunt.
17:58 of 2nd period - Quinton Byfield wins face-off versus Leon Draisaitl in Capitals zone.
18:00 of 2nd period - Icing by Cody Ceci.
18:01 of 2nd period - Quinton Byfield wins face-off versus Leon Draisaitl in Capitals zone.
19:16 of 2nd period - Minor Penalty to Cody Ceci for Hooking.
19:16 of 2nd period - Minor Penalty to Artturi Lehkonen for Roughing.
19:17 of 2nd period - Tyler Johnson wins face-off versus Ryan O'Reilly in Capitals zone.
19:54 of 2nd period - Shot by Ryan O'Reilly.
19:54 of 2nd period - Stopped by Petr Mrazek without a rebound.
19:55 of 2nd period - Leon Draisaitl wins face-off versus Michael Rasmussen in Capitals zone.
Goals for this period are 1 for Canadiens vs 1 for Capitals.
Shots for this period are 10 for Canadiens vs 6 for Capitals.

3rd period


0:01 of 3rd period - Leon Draisaitl wins face-off versus Quinton Byfield in neutral zone.
0:16 of 3rd period - Shot by Leon Draisaitl.
0:16 of 3rd period - Stopped by Petr Mrazek without a rebound.
0:17 of 3rd period - Quinton Byfield wins face-off versus Ryan O'Reilly in Capitals zone.
0:22 of 3rd period - Ryan Suter is hit by Quinton Byfield and loses puck.
0:37 of 3rd period - Matias Maccelli is hit by Filip Forsberg.
1:25 of 3rd period - Shot by Pierre-Olivier Joseph.
1:25 of 3rd period - Stopped by Petr Mrazek without a rebound.
1:26 of 3rd period - Brendan Gaunce wins face-off versus Michael Rasmussen in Capitals zone.
1:29 of 3rd period - Shot by Anthony Mantha.
1:29 of 3rd period - Stopped by Petr Mrazek without a rebound.
1:30 of 3rd period - Lars Eller wins face-off versus Pavel Zacha in Capitals zone.
2:33 of 3rd period - Filip Forsberg is hit by Quinton Byfield and loses puck.
2:52 of 3rd period - Shot by Quinton Byfield.
2:52 of 3rd period - Stopped by Kaapo Kahkonen with a rebound.
2:56 of 3rd period - Shot by Matias Maccelli.
2:56 of 3rd period - Stopped by Kaapo Kahkonen without a rebound.
2:57 of 3rd period - Leon Draisaitl wins face-off versus Michael Rasmussen in Canadiens zone.
2:59 of 3rd period - Artturi Lehkonen is hit by Michael Rasmussen and loses puck.
3:05 of 3rd period - Trevor van Riemsdyk is hit by Jonas Siegenthaler and loses puck.
3:34 of 3rd period - Shot by Morgan Frost.
3:34 of 3rd period - Shot Misses the Net.
3:41 of 3rd period - Off-side.
3:42 of 3rd period - Ryan O'Reilly wins face-off versus Quinton Byfield in neutral zone.
3:56 of 3rd period - Matias Maccelli is hit by Filip Forsberg.
4:06 of 3rd period - Icing by Ivan Provorov.
4:07 of 3rd period - Ryan O'Reilly wins face-off versus Pavel Zacha in Canadiens zone.
4:18 of 3rd period - Shot by Ryan O'Reilly.
4:18 of 3rd period - Goal by Ryan O'Reilly - Canadiens : 2 - Capitals : 2.
4:19 of 3rd period - Quinton Byfield wins face-off versus Lars Eller in neutral zone.
4:52 of 3rd period - Shot by Matias Maccelli.
4:52 of 3rd period - Shot Blocked by Lars Eller.
5:29 of 3rd period - Shot by Kevin Labanc.
5:29 of 3rd period - Stopped by Kaapo Kahkonen without a rebound.
5:30 of 3rd period - Michael Rasmussen wins face-off versus Ryan O'Reilly in Canadiens zone.
5:31 of 3rd period - Shot by Calen Addison.
5:31 of 3rd period - Stopped by Kaapo Kahkonen with a rebound.
5:45 of 3rd period - Shot by Filip Forsberg.
5:45 of 3rd period - Stopped by Petr Mrazek without a rebound.
5:46 of 3rd period - Brendan Gaunce wins face-off versus Pavel Zacha in Capitals zone.
6:22 of 3rd period - Trevor van Riemsdyk is hit by Kevin Labanc and loses puck.
6:44 of 3rd period - Shot by Valeri Nichushkin.
6:44 of 3rd period - Stopped by Petr Mrazek without a rebound.
6:45 of 3rd period - Quinton Byfield wins face-off versus Leon Draisaitl in Capitals zone.
6:45 of 3rd period - Quinton Byfield is hit by Artturi Lehkonen.
6:48 of 3rd period - Icing by Kaapo Kakko.
6:49 of 3rd period - Ryan O'Reilly wins face-off versus Matias Maccelli in Capitals zone.
8:11 of 3rd period - Shot by Leon Draisaitl.
8:11 of 3rd period - Shot Misses the Net.
9:02 of 3rd period - Shot by Alexander Kerfoot.
9:02 of 3rd period - Stopped by Petr Mrazek without a rebound.
9:03 of 3rd period - Brendan Gaunce wins face-off versus Pavel Zacha in Capitals zone.
9:18 of 3rd period - Shot by Pavel Zacha.
9:18 of 3rd period - Stopped by Kaapo Kahkonen with a rebound.
9:26 of 3rd period - Shot by Alex Nylander.
9:26 of 3rd period - Shot Blocked by Jaccob Slavin.
9:28 of 3rd period - Shot by Pavel Zacha.
9:28 of 3rd period - Deflect By Kevin Labanc.
9:28 of 3rd period - Shot Blocked by Ivan Provorov.
9:30 of 3rd period - Shot by Pavel Zacha.
9:30 of 3rd period - Shot Blocked by Ivan Provorov.
9:53 of 3rd period - Quinton Byfield is hit by Brendan Gaunce and loses puck.
9:57 of 3rd period - Icing by Quinton Byfield.
9:58 of 3rd period - Ryan O'Reilly wins face-off versus Quinton Byfield in Capitals zone.
10:19 of 3rd period - Shot by Quinton Byfield.
10:19 of 3rd period - Shot Misses the Net.
10:38 of 3rd period - Ryan O'Reilly is hit by Samuel Bolduc and loses puck.
10:55 of 3rd period - Shot by Leon Draisaitl.
10:55 of 3rd period - Stopped by Petr Mrazek without a rebound.
10:56 of 3rd period - Pavel Zacha wins face-off versus Pavel Dorofeyev in Capitals zone.
11:09 of 3rd period - Shot by Kevin Labanc.
11:09 of 3rd period - Stopped by Kaapo Kahkonen without a rebound.
11:10 of 3rd period - Lars Eller wins face-off versus Michael Rasmussen in Canadiens zone.
11:10 of 3rd period - Lars Eller is hit by Alex Chiasson.
11:34 of 3rd period - Morgan Frost is hit by Jaccob Slavin and loses puck.
11:40 of 3rd period - Shot by Michael Rasmussen.
11:40 of 3rd period - Shot Misses the Net.
11:42 of 3rd period - Shot by Michael Rasmussen.
11:42 of 3rd period - Shot Misses the Net.
12:21 of 3rd period - Icing by Brad Hunt.
12:22 of 3rd period - Ryan O'Reilly wins face-off versus Pavel Zacha in Capitals zone.
12:37 of 3rd period - Shot by Ryan O'Reilly.
12:37 of 3rd period - Stopped by Petr Mrazek without a rebound.
12:38 of 3rd period - Quinton Byfield wins face-off versus Leon Draisaitl in Capitals zone.
12:44 of 3rd period - Kaapo Kakko is hit by Alex Goligoski and loses puck.
12:47 of 3rd period - Shot by Kaapo Kakko.
12:47 of 3rd period - Stopped by Kaapo Kahkonen without a rebound.
12:48 of 3rd period - Quinton Byfield wins face-off versus Ryan O'Reilly in Canadiens zone.
12:55 of 3rd period - Shot by Kaapo Kakko.
12:55 of 3rd period - Stopped by Kaapo Kahkonen without a rebound.
12:56 of 3rd period - Quinton Byfield wins face-off versus Leon Draisaitl in Canadiens zone.
12:57 of 3rd period - Shot by Brad Hunt.
12:57 of 3rd period - Shot Misses the Net.
13:21 of 3rd period - Shot by Matias Maccelli.
13:21 of 3rd period - Shot Misses the Net.
13:31 of 3rd period - Shot by Quinton Byfield.
13:31 of 3rd period - Stopped by Kaapo Kahkonen with a rebound.
13:50 of 3rd period - Icing by Jaccob Slavin.
13:51 of 3rd period - Leon Draisaitl wins face-off versus Pavel Zacha in Canadiens zone.
14:08 of 3rd period - Shot by Ryan O'Reilly.
14:08 of 3rd period - Shot Hit the Post.
14:10 of 3rd period - Shot by Valeri Nichushkin.
14:10 of 3rd period - Shot Misses the Net.
14:15 of 3rd period - Icing by Jonas Siegenthaler.
14:16 of 3rd period - Lars Eller wins face-off versus Pavel Zacha in Capitals zone.
14:31 of 3rd period - Shot by Alex Nylander.
14:31 of 3rd period - Shot Misses the Net.
14:33 of 3rd period - Shot by Kevin Labanc.
14:33 of 3rd period - Shot Misses the Net.
14:37 of 3rd period - Shot by Pavel Zacha.
14:37 of 3rd period - Stopped by Kaapo Kahkonen without a rebound.
14:38 of 3rd period - Ryan O'Reilly wins face-off versus Quinton Byfield in Canadiens zone.
14:38 of 3rd period - Ryan O'Reilly is hit by Quinton Byfield.
14:53 of 3rd period - Ryan Suter is hit by Matias Maccelli and loses puck.
15:12 of 3rd period - Shot by Matias Maccelli.
15:12 of 3rd period - Shot Misses the Net.
15:14 of 3rd period - Shot by Quinton Byfield.
15:14 of 3rd period - Stopped by Kaapo Kahkonen without a rebound.
15:15 of 3rd period - Leon Draisaitl wins face-off versus Michael Rasmussen in Canadiens zone.
15:15 of 3rd period - Leon Draisaitl is hit by Michael Rasmussen.
17:00 of 3rd period - Off-side.
17:01 of 3rd period - Lars Eller wins face-off versus Matias Maccelli in neutral zone.
17:06 of 3rd period - Shot by Ryan Suter.
17:06 of 3rd period - Stopped by Petr Mrazek without a rebound.
17:07 of 3rd period - Quinton Byfield wins face-off versus Anthony Mantha in Capitals zone.
17:20 of 3rd period - Shot by Kaapo Kakko.
17:20 of 3rd period - Deflect By Quinton Byfield.
17:20 of 3rd period - Shot Misses the Net.
17:26 of 3rd period - Brendan Gallagher is hit by Quinton Byfield and loses puck.
18:35 of 3rd period - Icing by Cody Ceci.
18:36 of 3rd period - Quinton Byfield wins face-off versus Ryan O'Reilly in Capitals zone.
19:16 of 3rd period - Icing by Ben Hutton.
19:17 of 3rd period - Pavel Zacha wins face-off versus Lars Eller in Capitals zone.
19:43 of 3rd period - Shot by Alexander Kerfoot.
19:43 of 3rd period - Shot Misses the Net.
19:45 of 3rd period - Shot by Lars Eller.
19:45 of 3rd period - Goal by Lars Eller - Canadiens : 3 - Capitals : 2.
19:46 of 3rd period - Tyler Johnson wins face-off versus Ryan O'Reilly in neutral zone.
19:48 of 3rd period - Off-side.
19:49 of 3rd period - Ryan O'Reilly wins face-off versus Tyler Johnson in neutral zone.
Goals for this period are 2 for Canadiens vs 0 for Capitals.
Shots for this period are 11 for Canadiens vs 11 for Capitals.